 Dungeon Crawl Stone Soup version 0.28.0-43-g3370ac3207 (webtiles) character file.

Game seed: 11008981423894127815

139 safid the Chopper (level 5, -2/46 HPs)
             Began as a Hill Orc Fighter on Mar 26, 2022.
             Was a Believer of Lugonu.
             Slain by a gnoll
             ... wielding a +0 spear
              (5 damage)
             ... on level 3 of the Dungeon.
             The game lasted 00:03:40 (1973 turns).

safid the Chopper (Hill Orc Fighter)                Turns: 1973, Time: 00:03:42

Health: -2/46      AC:  8    Str: 27    XL:     5   Next: 22%
Magic:  5/5        EV:  9    Int:  8    God:    Lugonu [**....]
Gold:   117        SH:  4    Dex: 10    Spells: 4/4 levels left

rFire   . . .      SeeInvis .   a - +0 war axe
rCold   . . .      Faith    .   c - +0 buckler
rNeg    . . .      Spirit   .   b - +0 scale mail
rPois   .          Reflect  .   (no helmet)
rElec   .          Harm     .   h - +0 cloak
rCorr   .          Rampage  .   (no gloves)
Will    .....                   (no boots)
Stlth   ..........              (no amulet)
HPRegen 0.15/turn               g - +6 ring of strength
MPRegen 0.09/turn               (no ring)

@: lethally poisoned (-2 -> -14), attractive
A: no striking features
a: Renounce Religion, Depart the Abyss, Bend Space


You were on level 3 of the Dungeon.
You worshipped Lugonu.
Lugonu was pleased with you.
You visited 1 branch of the dungeon, and saw 3 of its levels.

You collected 117 gold pieces.

Inventory:

Hand Weapons
 a - a +0 war axe (weapon)
Missiles
 p - 3 poisoned darts (quivered)
Armour
 b - a +0 scale mail (worn)
 c - a +0 buckler (worn)
 h - a +0 cloak (worn)
Jewellery
 g - a +6 ring of strength (left hand)
Wands
 l - a wand of polymorph (4)
 m - a wand of flame (25)
Scrolls
 e - a scroll of teleportation {unknown}
 f - a scroll of identify {unknown}
 i - a scroll of enchant weapon {unknown}
 j - a scroll of vulnerability {unknown}
 o - a scroll of enchant armour {unknown}
Potions
 d - a potion of might


   Skills:
 - Level 4.0 Fighting
 + Level 5.5 Axes
 - Level 4.0 Armour
 - Level 4.0 Shields


You had 4 spell levels left.
You didn't know any spells.
Your spell library contained the following spells:

 Spells                   Type           Power      Damage    Failure   Level
 Magic Dart               Conj           0%         1d3       77%         1
 Searing Ray              Conj           0%         2d4       88%         2
 Portal Projectile        Hex/Tloc       0%         N/A       98%         3
 Fulminant Prism          Conj/Hex       0%         3d6       100%        4
 Blade Hands              Tmut           0%         N/A       100%        5
 Excruciating Wounds      Necr           0%         N/A       100%        5


Dungeon Overview and Level Annotations

Branches:
Dungeon (3/15)

Altars:
Lugonu


Message History

You hit the gnoll.
The gnoll is almost dead.
You barely miss the gnoll.
You feel very sick. The gnoll hits you but does no damage.
You block the gnoll's attack.
The gnoll hits you from afar with a +0 spear.
Unknown command.
You hit the gnoll.
The gnoll is almost dead.
You closely miss the gnoll.
You feel very sick. The gnoll hits you but does no damage.
The gnoll misses you. The gnoll hits you but does no damage.
You block the gnoll's attack.
Unknown command.
You feel sick.
You feel sick.
You feel sick.
It was a potion of curing.
You feel better.
The gnoll hits you with a +0 whip of venom.
* * * LOW HITPOINT WARNING * * *
You are poisoned.
The gnoll hits you from afar with a +0 spear.
* * * LOW HITPOINT WARNING * * *
It was a potion of attraction.
You feel attractive to monsters.
* * * LOW HITPOINT WARNING * * *
You feel sick. The gnoll closely misses you. x2
You closely miss the gnoll.
The gnoll is severely wounded.
* * * LOW HITPOINT WARNING * * *
You feel sick. You block the gnoll's attack.
The gnoll hits you but does no damage.
You barely miss the gnoll.
The gnoll is severely wounded.
* * * LOW HITPOINT WARNING * * *
You feel sick. The gnoll hits you but does no damage.
You are more poisoned.
The gnoll barely misses you.
The gnoll hits you from afar with a +0 spear.
You die...

#####.#.# #.#.# ....†...#
#>#.# .... #####.#.####.#.#
.... ...........#.#.# .....
#######.##.#.#.######......
.######.##..#.>............
.#......#...##.....##......
.#.######...#..###g#.......
.# #.##.#..@gg.......# .#.#
#. ###.#####...#### .#.# #.
#<# #.#.... .#.# #. #.#
...... .#.# #. #.# ... .
.#.# #.. #.... .#.# ##.
.... .#.######.# ...
.........>#


You could see 3 gnolls.

Vanquished Creatures
  Jessica (D:2)
  4 adders (D:2)
  3 dart slugs
  5 orcs (D:3)
  8 ball pythons
  5 endoplasms
  2 giant cockroaches
  5 goblins
  4 hobgoblins
  7 jackals
  2 quokkas (D:1)
  5 bats
  3 frilled lizards (D:1)
  3 kobolds
  5 rats
62 creatures vanquished.

Notes
Turn   | Place    | Note
-------+----------+-------------------------------------------
     0 | D:1      | safid the Hill Orc Fighter began the quest for the Orb.
     0 | D:1      | Reached XP level 1. HP: 19/19 MP: 1/1
    71 | D:1      | Reached skill level 3 in Axes
    71 | D:1      | Reached XP level 2. HP: 25/27 MP: 2/2
   474 | D:1      | Reached XP level 3. HP: 32/33 MP: 3/3
   935 | D:2      | Noticed Jessica
   943 | D:2      | Killed Jessica
   944 | D:2      | Reached XP level 4. HP: 40/40 MP: 4/4
  1064 | D:2      | Reached skill level 4 in Axes
  1502 | D:2      | Found a faded altar of an unknown god.
  1508 | D:2      | Reached skill level 5 in Axes
  1510 | D:2      | Prayed at the altar of an unknown god.
  1510 | D:2      | Became a worshipper of Lugonu the Unformed
  1510 | D:2      | Reached * piety under Lugonu
  1510 | D:2      | Reached ** piety under Lugonu
  1572 | D:2      | Reached XP level 5. HP: 39/46 MP: 5/5
  1973 | D:3      | Slain by a gnoll

Illustrated notes

Levels and vault maps discovered:
D:1:      eino_arrival_tree_alley, layout_loops_ring
D:2:      layout_loops_ring, chequers_ecumenical_altar_simple, uniq_jessica
D:3:      layout_loops_ring

Skill      XL: |  1  2  3  4 |
---------------+-------------+-----
Axes           | 3 5 |  5.5
Fighting       | 4 |  4.0
Armour         | 4 |  4.0
Shields        | 4 |  4.0

Action                   |  1- 3 |  4- 6 || total
-------------------------+-------+-------++-------
Melee: War axe           |   100 |   111 ||   211
  Use: Potion            |       |     2 ||     2
Armor: Scale mail        |    48 |    69 ||   117
Dodge: Dodged            |    52 |    61 ||   113
Block: Buckler           |    24 |    25 ||    49
